 Dungeon Crawl Stone Soup version 0.20-a0-277-g7db01f4 (webtiles) character file.

62 pkoi the Conjurer (level 3, 0/24 HPs)
             Began as a Demonspawn Wizard on Dec 13, 2016.
             Killed from afar by an orc wizard (4 damage)
             ... with a puff of flame
             ... on level 3 of the Dungeon.
             The game lasted 00:04:47 (2277 turns).

pkoi the Conjurer (Demonspawn Wizard)               Turns: 2277, Time: 00:04:49

Health: 0/24       AC:  3    Str:  7    XL:     3   Next: 85%
Magic:  0/7        EV: 12    Int: 20    God:
Gold:   18         SH:  4    Dex: 11    Spells: 2/8 levels left

rFire  . . .     SeeInvis .     p - +2 falchion (slice)
rCold  . . .     Gourm    .     a - +0 robe
rNeg   . . .     Faith    .     (no shield)
rPois  .         Spirit   +     b - +0 hat
rElec  .         Reflect  .     (no cloak)
rCorr  .         Harm     .     (no gloves)
MR     .....                    h - +0 pair of boots
Stlth  ++........               (no amulet)
                                (no ring)
                                (no ring)

@: very slightly contaminated
A: large bone plates 1, magic shield
a: no special abilities


You were on level 3 of the Dungeon.
You were not hungry.

You visited 1 branch of the dungeon, and saw 3 of its levels.

You collected 18 gold pieces.

Inventory:

Hand Weapons
 p - a +2 falchion of slicing (weapon)
Armour
 a - a +0 robe (worn)
 b - a +0 hat (worn)
 h - a +0 pair of boots (worn)
Scrolls
 e - a scroll of teleportation {unknown}
 g - a scroll of magic mapping {unknown}
 m - a scroll of identify {unknown}
 o - 2 scrolls of remove curse {unknown}
 q - a scroll of fog {unknown}
Potions
 f - a potion of degeneration {unknown}
 i - 2 potions of curing {unknown}
 j - a potion of heal wounds {unknown}
Books
 c - a book of Minor Magic

   Spells                             Type                      Level
   a - Magic Dart                     Conjuration                  1
   b - Blink                          Translocation                2
   c - Call Imp                       Summoning                    2
   d - Repel Missiles                 Charms/Air                   2
   e - Slow                           Hexes                        2
   f - Conjure Flame                  Conjuration/Fire             3
   g - Mephitic Cloud                 Conjuration/Poison/Air       3
Comestibles
 d - 2 bread rations
 l - a meat ration
 n - a beef jerky


   Skills:
 + Level 0.0 Long Blades
 - Level 1.7 Dodging
 - Level 1.7 Stealth
 + Level 3.0 Spellcasting
 + Level 3.6 Conjurations
   Level 1.0 Summonings
 - Level 0.8 Translocations
 + Level 0.3 Fire Magic


You had 2 spell levels left.
You knew the following spells:

 Your Spells              Type           Power        Failure   Level  Hunger
a - Magic Dart            Conj           ###.         3%          1    None
b - Blink                 Tloc           N/A          17%         2    ##.....
c - Conjure Flame         Conj/Fire      ##......     21%         3    ###....


Dungeon Overview and Level Annotations

Branches:
Dungeon (3/15)

Altars:
Gozag

Annotations:
D:2 Natasha
D:3 BluePsion's ghost, amateur GrGl


Innate Abilities, Weirdness & Mutations

You are partially covered in large bone plates. (SH +4)
When hurt, damage is shared between your health and your magic reserves.


Message History

Confirm with . or Enter, or press ? or * to list all spells.
Aiming: Magic Dart
Press: ? - help, Shift-Dir - straight line, f/p - orc wizard
Aim: an orc wizard, wielding a dagger and wearing a robe (moderately wounded, fast)
The magic dart hits the orc wizard.
The orc wizard is moderately wounded.
The orc wizard hits you but does no damage.
Casting: Magic Dart
Confirm with . or Enter, or press ? or * to list all spells.
Aiming: Magic Dart
Press: ? - help, Shift-Dir - straight line, f/p - orc wizard
Aim: an orc wizard, wielding a dagger and wearing a robe (moderately wounded, fast)
The magic dart hits the orc wizard.
The orc wizard is heavily wounded.
The orc wizard casts a spell at you. The puff of frost hits you!
* * * LOW HITPOINT WARNING * * *
The orc wizard points at you and mumbles some strange words.
The puff of flame hits you!
You die...

.......### .##...[..
..... .......# #...#
.......# #...# .#.....#
#...# .......# #...#
......)######## #...#
..#...........#####o..#
###..>..........@ooo..#
###
##.##.......######.##
#.. #..........# ...
#.## ####.......# ..†..
#.#. #######.......#
o....# #...
..............# o....#
###... #####.#.......#
.....# #..<(.
#####.#.......#
#.####.#.#W..
......#.......# #.#
#.#.....


You could see an orc wizard and 3 orcs.

Vanquished Creatures
  An adder (D:2)
  An ooze (D:1)
  A worm (D:2)
  A dart slug (D:1)
  2 leopard geckos (D:3)
  2 orcs (D:3)
  2 bats
  5 hobgoblins
  2 jackals (D:2)
  3 quokkas
  A frilled lizard (D:2)
  4 goblins
  8 kobolds
  2 rats (D:2)
35 creatures vanquished.

Notes
Turn   | Place    | Note
-------+----------+-------------------------------------------
     0 | D:1      | pkoi the Demonspawn Wizard began the quest for the Orb.
     0 | D:1      | Reached XP level 1. HP: 13/13 MP: 4/4
   235 | D:1      | Gained mutation: When hurt, damage is shared between your health and your magic reserves. [demonic ancestry]
   235 | D:1      | Reached XP level 2. HP: 19/19 MP: 4/6
   819 | D:2      | Learned a level 2 spell: Blink
   840 | D:2      | Noticed Natasha
   992 | D:2      | Gained mutation: You are partially covered in large bone plates. (SH +4) [demonic ancestry]
   992 | D:2      | Reached XP level 3. HP: 24/24 MP: 0/7
  1225 | D:2      | Found an opulent altar of Gozag.
  1526 | D:3      | Noticed BluePsion's ghost (amateur GrGl)
  1831 | D:3      | Learned a level 3 spell: Conjure Flame
  2277 | D:3      | Killed from afar by an orc wizard

Vault maps used:
D:1:      ncdulo_halloftheorcs
D:2:      lemuel_coloured_pillars_altar, minivault_24, kennysheep_cross_room,
          hex_tiny, uniq_natasha

Skill      XL: |  1  2 |
---------------+-------+-----
Conjurations   | 2 3 |  3.6
Dodging        | |  1.7
Stealth        | |  1.7
Spellcasting   | |  3.0
Summonings     | |  1.0
Translocations | |  0.8
Fire Magic     | |  0.3

Action                   || total
-------------------------++-------
Melee: Club              ||    30
       Falchion          ||     5
 Cast: Magic Dart        ||    91
  Eat: Chunk             ||     4
Armor: Robe              ||    18
Dodge: Dodged            ||    38
Block: Other             ||     1
       Rpst.: Falchion   ||     1
